 Dungeon Crawl Stone Soup version 0.24-a0-630-g0d56a85 (webtiles) character file.

Game seed: 4314770009474383908, levelgen mode: deterministic

2585 BoppinsLewinski the Skirmisher (level 9, -4/75 HPs)
             Began as a Centaur Monk on Sept 19, 2019.
             Slain by a hippogriff (5 damage)
             ... on level 7 of the Dungeon.
             The game lasted 00:21:13 (10586 turns).

BoppinsLewinski the Skirmisher (Centaur Monk)      Turns: 10586, Time: 00:21:14

Health: -4/75      AC: 16    Str: 17    XL:     9   Next: 32%
Magic:  11/11      EV: 10    Int:  9    God:
Gold:   342        SH:  0    Dex: 12    Spells: 8/8 levels left

rFire    . . .     SeeInvis .   t - +0 battleaxe
rCold    + + .     Gourm    .   (shield currently unavailable)
rNeg     . . .     Faith    .   I - +4 ring mail "Hofouxax" {+Fly rC+}
rPois    .         Spirit   .   m - +0 helmet
rElec    .         Reflect  .   (no cloak)
rCorr    .         Harm     .   h - +0 pair of gloves
MR       .....                  (no barding)
Stlth    +.........             n - amulet of rage
HPRegen  0.22/turn              i - ring of protection from cold
MPRegen  0.12/turn              d - +4 ring of protection

@: lethally poisoned (-4 -> -56), starving, very quick
A: large, hooves 3, deformed body, speed 2, tough skin 3
a: Evoke Berserk Rage, Evoke Flight


You were on level 7 of the Dungeon.
You were starving.

You visited 1 branch of the dungeon, and saw 7 of its levels.
You also visited: Ossuary.

You collected 342 gold pieces.

Inventory:

Hand Weapons
 a - a +0 mace
 t - a +0 battleaxe (weapon)
Armour
 h - a +0 pair of gloves (worn)
 m - a +0 helmet (worn)
 q - a +0 scale mail
 F - a +0 chain mail
 I - the +4 ring mail "Hofouxax" (worn) {+Fly rC+}
   (You found it on level 6 of the Dungeon)

   It protects you from cold.
   It lets you fly.
Jewellery
 d - a +4 ring of protection (right hand)
 i - a ring of protection from cold (left hand)
 n - an amulet of rage (around neck)
 v - an uncursed amulet of the gourmand {unknown}
 G - an uncursed ring of positive energy {unknown}
 K - an uncursed ring of positive energy {unknown}
Wands
 z - a wand of iceblast (6)
 E - a wand of digging (4)
 H - a wand of random effects (24)
 J - a wand of polymorph (10)
Scrolls
 e - 3 scrolls of random uselessness
 f - a scroll of remove curse
 g - 3 scrolls of enchant armour {unknown}
 k - 2 scrolls of teleportation {unknown}
 l - 2 scrolls of fear {unknown}
 p - 2 scrolls of identify
 r - 2 scrolls of fog {unknown}
 u - 2 scrolls of immolation {unknown}
 x - 3 scrolls of blinking {unknown}
 y - a scroll of vulnerability {unknown}
 B - a scroll of amnesia {unknown}
 C - a scroll of brand weapon {unknown}
Potions
 j - a potion of resistance
 o - 3 potions of magic
 s - 2 potions of agility
 w - 2 potions of brilliance
 A - a potion of might
 D - a potion of haste
Comestibles
 c - 8 rations


   Skills:
 + Level 6.2 Fighting
 * Level 5.7(6.5) Axes
 - Level 4.6(6.0) Maces & Flails
 + Level 3.9 Armour
 + Level 4.7 Dodging
 - Level 1.1 Stealth
 + Level 3.1 Evocations


You had 8 spell levels left.
You didn't know any spells.
Your spell library contained the following spells:

 Spells                   Type           Power        Failure   Level  Hunger
 Freeze                   Ice            #...         56%         1    ##.....
 Throw Frost              Conj/Ice       #.....       71%         2    ###....
 Ozocubu's Armour         Chrm/Ice       #.......     91%         3    ####...
 Summon Ice Beast         Ice/Summ       #.......     100%        4    #####..
 Throw Icicle             Conj/Ice       #.......     100%        4    #####..


Dungeon Overview and Level Annotations

Branches:
Dungeon (7/15)            Ossuary (visited)
 Temple: D:4-7

Altars:
Elyvilon
Fedhas
Hepliaklqana
Ru
Trog
Wu Jian
Xom
Yredelemnul

Shops:
D:4 *

Annotations:
D:7 Duvessa


Innate Abilities, Weirdness & Mutations

You have hooves in place of feet.
Armour fits poorly on your strangely shaped body.
You cover ground very quickly.
You have extremely tough skin. (AC +3)


Message History

Duvessa be severely wounded.
Ye slash tha hippogriff!
* * * LOW HITPOINT WARNIN'
* * * Ye feel very sick.
Tha hippogriff bites ye but does nay damage.
Tha hippogriff pecks ye but does nay damage.
Tha hippogriff barely misses ye.
Duvessa hits ye but does nay damage.
Ye be more poison'd.
Ye hit Duvessa but do nay damage.
Yer kick misses Duvessa.
Duvessa be severely wounded.
Ye hit tha hippogriff.
* * * LOW HITPOINT WARNIN'
* * * Ye feel 'stremely sick.
Tha hippogriff misses ye.
Tha hippogriff barely misses ye.
Tha hippogriff claws ye but does nay damage.
Duvessa closely misses ye.
Duvessa hits ye wit' a +0 short sword o' venom.
* * * LOW HITPOINT WARNIN'
* * * Tha hippogriff bites ye.
Ye die...

.. .. #. # ... .# ....
## . ♣...##. ## ♣.P....
... . ## ....... ..#..
.. ##..# .......####
#.#.#.....## .....
......H@..###.#.#.##....
.....
..##..e##..##.#.#.##....
[.... .......
##.............. .....
##...#. ##.............
..... #.#.##
#..........##) ..... ..
. ..#...........#. .....
. . #...........#..#
..... ..
.....#.....#####.# .#Y#.
.##..#.##.## #.#


You could see a hippogriff and Duvessa.

Vanquished Creatures
  Sigmund (D:2)
  A wraith (Ossuary)
  An ice beast (D:5)
  A black bear (D:7)
  2 phantoms
  2 centaurs
  A bullfrog (D:7)
  Dowan (D:7)
  3 scorpions
  5 killer bees (D:7)
  A howler monkey (D:4)
  3 crimson imps
  4 orc priests
  A jelly (D:6)
  A hound (D:5)
  2 human zombies (Ossuary)
  A centaur skeleton (D:5)
  Jessica (D:2)
  Terence (D:2)
  2 iguanas
  Natasha (twice) (D:4)
  7 orc wizards
  7 worker ants
  A big kobold zombie (Ossuary)
  A hound skeleton (D:4)
  3 mummies (Ossuary)
  Robin (D:4)
  A howler monkey zombie (D:5)
  A howler monkey skeleton (D:4)
  11 adders
  2 oozes
  An adder skeleton (D:7)
  4 worms
  3 dart slugs
  5 leopard geckos
  22 orcs
  4 giant cockroaches
  14 goblins
  14 hobgoblins
  6 jackals
  7 kobolds
  2 quokkas
  7 bats
  5 frilled lizards
  A goblin zombie (Ossuary)
  4 hobgoblin zombies (Ossuary)
  A jackal zombie (D:6)
  3 kobold zombies (Ossuary)
  6 rats
181 creatures vanquished.

Notes
Turn   | Place    | Note
-------+----------+-------------------------------------------
     0 | D:1      | BoppinsLewinski the Centaur Monk began the quest for the
                  | Orb.
     0 | D:1      | Reached XP level 1. HP: 19/19 MP: 1/1
   390 | D:1      | Reached XP level 2. HP: 23/26 MP: 2/2
   942 | D:2      | Reached XP level 3. HP: 31/31 MP: 3/3
  1180 | D:2      | Noticed Jessica
  1188 | D:2      | Killed Jessica
  1188 | D:2      | Reached skill level 1 in Armour
  1188 | D:2      | Reached XP level 4. HP: 24/38 MP: 4/4
  1342 | D:2      | Found a hazy altar of Hepliaklqana.
  1344 | D:2      | Found a bloodstained altar of Trog.
  1344 | D:2      | Noticed Terence
  1345 | D:2      | Found a sacrificial altar of Ru.
  1345 | D:2      | Found a shimmering altar of Xom.
  1345 | D:2      | Found a blossoming altar of Fedhas.
  1345 | D:2      | Found an ornate altar of the Wu Jian Council.
  1361 | D:2      | Killed Terence
  1598 | D:2      | Noticed Sigmund
  1627 | D:2      | Killed Sigmund
  1627 | D:2      | Reached skill level 4 in Fighting
  1627 | D:2      | Reached XP level 5. HP: 15/46 MP: 5/5
  1627 | D:2      | Reached XP level 6. HP: 17/52 MP: 6/6
  3245 | D:3      | Found a shimmering altar of Xom.
  3635 | D:4      | Noticed Robin
  3655 | D:4      | Killed Robin
  3661 | D:4      | Found a sand-covered staircase.
  3665 | D:4      | Found Wezof's General Store.
  3670 | Ossuary  | Entered an ossuary
  3670 | Ossuary  | Noticed a wraith
  3670 | Ossuary  | Noticed a wraith
  3670 | Ossuary  | Noticed a wraith
  3711 | Ossuary  | Reached skill level 1 in Axes
  3986 | Ossuary  | Noticed a wraith
  3994 | Ossuary  | Killed a wraith
  3994 | Ossuary  | Reached XP level 7. HP: 13/60 MP: 7/7
  4362 | D:4      | Noticed Natasha
  4377 | D:4      | Killed Natasha
  5282 | D:4      | Noticed Natasha
  5295 | D:4      | Killed Natasha
  5295 | D:4      | Reached skill level 5 in Fighting
  5400 | D:5      | Entered Level 5 of the Dungeon
  5488 | D:5      | Reached XP level 8. HP: 47/68 MP: 8/8
  5990 | D:5      | Reached skill level 1 in Evocations
  6733 | D:5      | Found a white marble altar of Elyvilon.
  6845 | D:5      | Found a basalt altar of Yredelemnul.
  8351 | D:6      | Got a fine ring mail
  8352 | D:6      | Identified the +4 ring mail "Hofouxax" {+Fly rC+} (You
                  | found it on level 6 of the Dungeon)
  9165 | D:7      | Noticed Dowan
  9231 | D:6      | Reached skill level 5 in Axes
  9532 | D:7      | Reached XP level 9. HP: 62/75 MP: 10/10
  9555 | D:7      | Killed Dowan
  9555 | D:7      | Reached skill level 6 in Fighting
  9562 | D:7      | Noticed Duvessa
 10586 | D:7      | HP: 1/75 [Duvessa/+0 short sword of venom (5)]
 10586 | D:7      | Slain by a hippogriff

Levels and vault maps discovered:
D:1:      eino_arrival_water_cross, layout_loops_ring
D:2:      layout_basic, grunt_temple_overflow_open, first_ration, uniq_terence,
          uniq_sigmund, uniq_jessica
D:3:      layout_loops_ring, xom_teletrap_fun
D:4:      layout_rooms, serial_shops,
          nicolae_shop_temple_entry_statues_fountains,
          nicolae_ossuary_entry_monument, minmay_pentangle, uniq_natasha,
          uniq_robin
D:5:      layout_cave_pods, kennysheep_ying_yang
D:6:      layout_layer_cave, nrook_uturn, chequers_serial_rivers_micro_b
D:7:      layout_rooms, minmay_temple_entry_glass,
          ebering_ghost_reflecting_pool, serial_park_tiny_2, uniq_duvessa

Skill      XL: |  1  2  3  4  5  6  7  8  9 |
---------------+----------------------------+-----
Maces & Flails | 3 4 |  4.6
Armour         | 1 2 3 |  3.9
Fighting       | 4 5 6 |  6.2
Dodging        | 3 4 |  4.7
Axes           | 2 3 5 |  5.7
Evocations     | 2 3 |  3.1
Stealth        | |  1.1

Action                   |  1- 3 |  4- 6 |  7- 9 || total
-------------------------+-------+-------+-------++-------
Melee: Mace              |    69 |   130 |       ||   199
       Kick              |    12 |    59 |    97 ||   168
       Battleaxe         |       |    77 |   355 ||   432
  Use: Potion            |       |     7 |     5 ||    12
       Scroll            |       |     3 |    10 ||    13
 Stab: Invisible         |       |     5 |       ||     5
  Eat: Chunk             |       |     7 |    11 ||    18
       Ration            |       |       |     2 ||     2
Armor: Robe              |     3 |       |       ||     3
       Leather armour    |    18 |    67 |       ||    85
       Scale mail        |       |       |   143 ||   143
       Ring mail         |       |       |   154 ||   154
       Chain mail        |       |       |     9 ||     9
Dodge: Dodged            |    31 |   113 |   251 ||   395

Table legend:
 A = Non-vault XP
 B = Vault XP
 C = Vault XP percentage of total XP
 D = Non-vault monster count
 E = Vault monster count
 F = Vault count percentage of total count
                 A         B        C        D         E       F
            +---------+---------+-------+---------+---------+-------
      Total |    2741 |     952 |  25.8 |     141 |      40 |  22.1
            +---------+---------+-------+---------+---------+-------
        D:1 |      37 |       0 |   0.0 |      19 |       0 |   0.0
        D:2 |     108 |     296 |  73.3 |      32 |       3 |   8.6
        D:3 |      91 |       0 |   0.0 |      16 |       0 |   0.0
        D:4 |     203 |     200 |  49.6 |      13 |      21 |  61.8
        D:5 |     968 |       0 |   0.0 |      32 |       0 |   0.0
        D:6 |     403 |       0 |   0.0 |      10 |       0 |   0.0
        D:7 |     931 |      67 |   6.7 |      19 |       1 |   5.0
    Ossuary |       0 |     389 | 100.0 |       0 |      15 | 100.0
            +---------+---------+-------+---------+---------+-------
